 Dungeon Crawl Stone Soup version 0.27-a0-1116-g91b3acb402 (webtiles) character file.

Game seed: 12435829418815238399

7 wakim the Sneak (level 2, -1/15 HPs)
             Began as a Vine Stalker Brigand on May 1, 2021.
             Slain by a gnoll
             ... wielding a +0 whip
              (3 damage)
             ... on level 1 of the Dungeon.
             The game lasted 00:00:55 (549 turns).

wakim the Sneak (Vine Stalker Brigand)               Turns: 549, Time: 00:00:56

Health: -1/15      AC:  3    Str: 13    XL:     2   Next: 0%
Magic:  0/3        EV: 11    Int: 11    God:
Gold:   0          SH:  0    Dex: 15    Spells: 1/1 levels left

rFire    . . .     SeeInvis .   a - +2 dagger
rCold    . . .     Faith    .   (no shield)
rNeg     . . .     Spirit   +   b - +0 robe
rPois    .         Reflect  .   (no helmet)
rElec    .         Harm     .   c - +0 cloak
rCorr    .         Rampage  .   (no gloves)
Will     .....                  (no boots)
Stlth    +++.......             (no amulet)
HPRegen  0.05/turn              (no ring)
MPRegen  0.08/turn              (no ring)

@: no status effects
A: fangs 2, magic shield, antimagic bite, no potion heal 2
a: no special abilities


You were on level 1 of the Dungeon.
You visited 1 branch of the dungeon, and saw 1 of its levels.

Inventory:

Hand Weapons
 a - a +2 dagger (weapon)
Missiles
 d - 8 poisoned darts (quivered)
 e - 2 curare-tipped darts {=f}
Armour
 b - a +0 robe (worn)
 c - a +0 cloak (worn)
Scrolls
 f - a scroll of amnesia {unknown}
Potions
 g - a potion of curing {unknown}


   Skills:
 + Level 1.8 Fighting
 * Level 2.0 Short Blades
 - Level 1.7 Throwing
 + Level 0.9 Dodging
 * Level 5.0 Stealth


You had one spell level left.
You didn't know any spells.
Your spell library was empty.

Dungeon Overview and Level Annotations

Branches:
Dungeon (1/15)

Altars:


Innate Abilities, Weirdness & Mutations

You have extremely sharp teeth.
When hurt, damage is shared between your health and your magic reserves.
Your bite disrupts and absorbs the magic of your enemies.
Potions cannot restore your health.


Message History

The ball python hisses angrily.
You barely miss the ball python. You bite the ball python. You drain its power.
The ball python is severely wounded.
The ball python barely misses you. x2
You hit the ball python.
You kill the ball python! 2 frilled lizards come into view.
A gnoll comes into view. It is wielding a +0 whip.
The frilled lizard hisses angrily. x2; The gnoll shouts!
There are monsters nearby!
You hit the frilled lizard.
You kill the frilled lizard!
You have reached level 2!
You hit the gnoll.
The gnoll is moderately wounded.
The gnoll hits you but does no damage.
You hit the gnoll.
The gnoll is moderately wounded.
The gnoll hits you with a +0 whip.
You closely miss the gnoll. You bite the gnoll, but do no damage.
The gnoll is moderately wounded.
The gnoll hits you with a +0 whip.
* * * LOW HITPOINT WARNING * * *
You hit the gnoll.
The gnoll is heavily wounded.
The gnoll barely misses you.
You completely miss the gnoll. You bite the gnoll. You drain its power.
The gnoll is severely wounded.
The gnoll hits you but does no damage.
You hit the gnoll but do no damage.
The gnoll is severely wounded.
You hit the gnoll.
The gnoll is almost dead.
The gnoll barely misses you.
You hit the gnoll but do no damage.
The gnoll is almost dead.
The gnoll hits you with a +0 whip!
* * * LOW HITPOINT WARNING * * *
The gnoll hits you with a +0 whip.
You die...

##..## #.........).# ##...#
##...........# ##...##
#............# ....##
#............# ..###
#.####+##.##.# .## #.#
#†##.# .. .# #.# #.##.#
.########.####.##.#
.....÷)[#.....lg@.#
.######.######.####
.............#.# ### ##
#####...#.##.#.# .. ..#
##.........#...# ♣. ♣..#
...#..###..##### P♣♣.♣.#
##.#..)....# #♣P._.b.#
#.####.##.##########.♣P...#
#......##.............♣


You could see a gnoll and a frilled lizard.

Vanquished Creatures
  3 ball pythons (D:1)
  A quokka (D:1)
  2 frilled lizards (D:1)
  A rat (D:1)
7 creatures vanquished.

Notes
Turn   | Place    | Note
-------+----------+-------------------------------------------
     0 | D:1      | wakim the Vine Stalker Brigand began the quest for the Orb.
     0 | D:1      | Reached XP level 1. HP: 11/11 MP: 2/2
   398 | D:1      | Found a faded altar of an unknown god.
   428 | D:1      | Reached skill level 5 in Stealth
   499 | D:1      | Reached XP level 2. HP: 15/15 MP: 3/3
   549 | D:1      | Slain by a gnoll

Illustrated notes

Levels and vault maps discovered:
D:1:      heliophobic_arrival_dark_side_of_the_moon, layout_basic,
          ebering_ecumenical_altar_petrified

Skill      XL: |  1 |
---------------+----+-----
Stealth        | 5 |  5.0
Short Blades   | 2 |  2.0
Fighting       | |  1.8
Throwing       | |  1.7
Dodging        | |  0.9

Action                   || total
-------------------------++-------
Melee: Dagger            ||    21
       Bite              ||     3
 Stab: Sleeping          ||     1
Armor: Robe              ||     2
Dodge: Dodged            ||    11

Table legend: (Time is in decaauts)
 A = Elapsed time spent in this place.
 B = Non-inter-level travel time spent in this place.
 C = Inter-level travel time spent in this place.
 D = Time resting spent in this place.
 E = Time spent auto-exploring this place.
 F = Levels seen in this place.
 G = Mean time per level.
                   A        B        C        D        E       F      G
               +--------+--------+--------+--------+--------+-----+--------+
         Total |    547 |    547 |      0 |      0 |    448 |   1 |  547.0 |
       Dungeon |    547 |    547 |      0 |      0 |    448 |   1 |  547.0 |
               +--------+--------+--------+--------+--------+-----+--------+

Top non-repeatable levels by time:
     D:1: 547 daAuts
